 Dungeon Crawl Stone Soup version 0.30.0 (webtiles) character file.

Game seed: 13885331300430832592

90 porkupine the Stinger (level 4, -5/36 HPs)
             Began as a Naga Venom Mage on May 10, 2023.
             Was a Believer of Makhleb.
             Slain by a kobold brigand
             ... wielding a +0 club
              (7 damage)
             ... on level 3 of the Dungeon.
             The game lasted 00:08:05 (1695 turns).

porkupine the Stinger (Naga Venom Mage)             Turns: 1695, Time: 00:08:06

Health: -5/36      AC:  2    Str: 12    XL:     4   Next: 56%
Magic:  2/7        EV: 10    Int: 17    God:    Makhleb [**....]
Gold:   142        SH:  0    Dex: 12    Spells: 1/8 levels left

rFire   . . .        o - +6 whip of Moderation {heavy, Str+2}
rCold   . . .        (no shield)
rNeg    . . .        a - +0 robe
rPois   +            (no helmet)
rElec   .            (no cloak)
rCorr   .            (no gloves)
SInv    +            (no barding)
Will    .....        n - amulet of faith
Stlth   ++           (no ring)
HPRegen 0.26/turn    (no ring)
MPRegen 0.10/turn

%: faith
@: short of breath, very slow
A: AC +1, large, see invisible, deformed body, poison resistance, slowness 2,
spit poison 1, naga tail 1
a: Spit Poison, Renounce Religion, Minor Destruction


You were on level 3 of the Dungeon.
You worshipped Makhleb.
Makhleb was pleased with you.
You visited 1 branch of the dungeon, and saw 3 of its levels.

You collected 142 gold pieces.

Inventory:

Hand Weapons
 e - a +0 dagger
 o - the +6 whip of Moderation (weapon) {heavy, Str+2}
   (You found it on level 2 of the Dungeon)

   Str:       It affects your strength (+2).
 q - a +1 mace of holy wrath
Armour
 a - a +0 robe (worn)
Jewellery
 m - an amulet of regeneration
 n - an amulet of faith (around neck)
Scrolls
 g - a scroll of immolation
 i - a scroll of magic mapping {unknown}
 k - a scroll of enchant weapon {unknown}
 p - a scroll of silence {unknown}
Potions
 b - a potion of magic
 c - 2 potions of heal wounds
 d - a potion of attraction {unknown}
 f - 2 potions of might {unknown}
 h - 3 potions of curing
 j - 3 potions of mutation {unknown}
 l - a potion of brilliance {unknown}


   Skills:
 + Level 2.1 Dodging
 - Level 3.0 Stealth
 + Level 2.5 Spellcasting
 + Level 1.5 Conjurations
 + Level 1.8 Transmutations
 + Level 1.3 Air Magic
 + Level 4.5 Poison Magic


You had one spell level left.
You knew the following spells:

 Your Spells              Type           Power      Damage    Failure   Level
a - Sting                 Tmut/Pois      48%        1d5       4%          1
b - Poisonous Vapours     Pois/Air       24%        N/A       9%          2
c - Olgreb's Toxic Radia  Pois           17%        N/A       28%         4

Your spell library contained the following spells:

 Spells                   Type           Power      Damage    Failure   Level
 Mephitic Cloud           Conj/Pois/Air  10%        N/A       21%         3
 Dazzling Flash           Conj/Hex       8%         N/A       38%         3
 Silence                  Hex/Air        2%         N/A       98%         5
 Agony                    Necr           2%         N/A       99%         5


Dungeon Overview and Level Annotations

Branches:
Dungeon (3/15)

Altars:
Makhleb


Innate Abilities, Weirdness & Mutations

Your serpentine skin is tough. (AC +1)
You have supernaturally acute eyesight. (SInv)
Armour fits poorly on your strangely shaped body.
Your system is resistant to poisons. (rPois)
You cover ground very slowly.
You can spit poison.
You have a snake-like lower body.


Message History

Press: ? - help, Shift-Dir - straight line, f/p - kobold brigand
Aim: a kobold brigand, wielding a +0 club and quivering poisoned darts (lightly wounded, poisoned, 50% to hit)
The splash of poison misses the kobold brigand.
The kobold brigand hits you with a +0 club!
Casting: Sting (safe; 4% risk of failure)
Confirm with . or Enter, or press ? or * to list all spells.
Aiming: Sting (safe; 4% risk of failure)
Press: ? - help, Shift-Dir - straight line, f/p - kobold brigand
Aim: a kobold brigand, wielding a +0 club and quivering poisoned darts (lightly wounded, poisoned, 64% to hit)
The sting hits the kobold brigand.
The kobold brigand looks even sicker.
The kobold brigand is lightly wounded.
The kobold brigand barely misses you.
You completely miss the kobold brigand.
The kobold brigand is lightly wounded.
The kobold brigand hits you with a +0 club.
The kobold brigand barely misses you.
You aren't carrying any items that you can evoke.
Unknown command.
You whack the kobold brigand!
The kobold brigand is heavily wounded.
You have got your breath back.
The kobold brigand hits you with a +0 club.
* * * LOW HITPOINT WARNING * * *
The kobold brigand barely misses you.
Aiming: Spit Poison (1% risk of failure)
Press: ? - help, Shift-Dir - straight line, f/p - kobold brigand
Aim: a kobold brigand, wielding a +0 club and quivering poisoned darts (severely wounded, poisoned, 50% to hit)
The splash of poison hits the kobold brigand.
The kobold brigand looks even sicker.
The kobold brigand is almost dead.
The kobold brigand closely misses you.
You closely miss the kobold brigand.
The kobold brigand is almost dead.
The kobold brigand hits you with a +0 club!
* * * LOW HITPOINT WARNING * * *
Unknown command.
You hit the kobold brigand.
The kobold brigand is almost dead.
The kobold brigand hits you with a +0 club!
You die...

........###################
................<..........
.....)..##.##.##.##########
.......)##.##.##.# ######
......)....##....# #.....
..........######## ###.#.##
........############.....##
.........................##
<.########@K####.###.#.....
###.....###...##.###.#.....
......).)..#......#.#.....
.K#####....#....#.###.....
####..#.....# #.....
##..#..### #..... ##.#..#
###### #.#.## # #.#.# #


You could see a kobold brigand (very poisoned).

Vanquished Creatures
  A howler monkey (D:2)
  6 bats
  4 endoplasms
  A giant cockroach (D:2)
  4 goblins
  5 hobgoblins
  10 kobolds
  2 quokkas
  4 ball pythons
  8 frilled lizards
  6 rats
51 creatures vanquished.

Notes
Turn   | Place    | Note
-------+----------+-------------------------------------------
     0 | D:1      | porkupine the Naga Venom Mage began the quest for the Orb.
     0 | D:1      | Reached XP level 1. HP: 15/15 MP: 3/3
   205 | D:1      | Reached XP level 2. HP: 20/22 MP: 0/5
   295 | D:1      | Learned a level 2 spell: Poisonous Vapours
   750 | D:1      | Reached skill level 1 in Conjurations
   787 | D:1      | Reached XP level 3. HP: 28/28 MP: 4/6
  1045 | D:2      | Found a faded altar of an unknown god.
  1054 | D:2      | Prayed at the altar of an unknown god.
  1054 | D:2      | Became a worshipper of Makhleb the Destroyer
  1054 | D:2      | Reached * piety under Makhleb
  1177 | D:2      | Reached skill level 1 in Air Magic
  1177 | D:2      | Reached XP level 4. HP: 34/36 MP: 1/7
  1247 | D:2      | Identified the +6 whip of Moderation {heavy, Str+2}
  1407 | D:2      | Learned a level 4 spell: Olgreb's Toxic Radiance
  1641 | D:3      | Reached ** piety under Makhleb
  1669 | D:3      | Noticed a kobold brigand
  1694 | D:3      | HP: 1/36 [kobold brigand/+0 club (8)]
  1695 | D:3      | Slain by a kobold brigand

Illustrated notes

Levels and vault maps discovered:
D:1:      moated_graveyard_arrival, layout_loops_cross, minmay_ruptured
D:2:      layout_rooms, ebering_ecumenical_altar_webs, minivault_25
D:3:      cheibrodos_thug_alley, layout_basic, nzn_hepliaklqana_mist_gate,
          mainiacjoe_overflow_brackets, grunt_ministairs_2

Skill      XL: |  1  2  3 |
---------------+----------+-----
Conjurations   | 1 |  1.5
Dodging        | 2 |  2.1
Air Magic      | 1 |  1.3
Stealth        | |  3.0
Spellcasting   | |  2.5
Transmutations | |  1.8
Poison Magic   | |  4.5

Action                     |  1- 3 |  4- 6 || total
---------------------------+-------+-------++-------
  Melee: Dagger            |    13 |       ||    13
         Whip              |       |    19 ||    19
   Cast: Sting             |    22 |    17 ||    39
         Poisonous Vapours |     5 |     1 ||     6
Ability: Spit Poison       |    33 |    11 ||    44
    Use: Scroll            |     3 |       ||     3
 Armour: Robe              |     2 |     3 ||     5
  Dodge: Dodged            |    12 |    17 ||    29
